 Dungeon Crawl Stone Soup version 0.26-a0-665-gefeb406119 (webtiles) character file.

Game seed: 14622823059220472829

25 jiml777 the Digger (level 3, -2/19 HPs)
             Began as a Gargoyle Earth Elementalist on Oct 15, 2020.
             Slain by a worm (3 damage)
             ... on level 2 of the Dungeon.
             The game lasted 00:05:35 (1485 turns).

jiml777 the Digger (Gargoyle Earth Elementalist)    Turns: 1485, Time: 00:05:36

Health: -2/19      AC:  9    Str: 11    XL:     3   Next: 4%
Magic:  6/6        EV: 10    Int: 16    God:
Gold:   88         SH:  0    Dex: 10    Spells: 5/6 levels left

rFire    . . .     SeeInvis .   a - +0 dagger
rCold    . . .     Faith    .   (no shield)
rNeg     + . .     Spirit   .   o - +0 ring mail
rPois    ∞         Reflect  .   (no helmet)
rElec    +         Harm     .   (no cloak)
rCorr    .         Rampage  .   h - +0 pair of gloves
MR       .....                  (no boots)
Stlth    +.........             (no amulet)
HPRegen  0.06/turn              (no ring)
MPRegen  0.10/turn              (no ring)

@: no status effects
A: negative energy resistance 1, electricity resistance, unbreathing,
petrification resistance, rot immunity, AC +3
a: no special abilities


You were on level 2 of the Dungeon.
You visited 1 branch of the dungeon, and saw 2 of its levels.

You collected 88 gold pieces.

Inventory:

Hand Weapons
 a - a +0 dagger (weapon)
Missiles
 b - 44 stones (quivered)
 e - 18 sling bullets
Armour
 c - a +0 robe
 f - a +0 leather armour
 h - a +0 pair of gloves (worn)
 l - a +0 plate armour
 n - a +0 scale mail
 o - a +0 ring mail (worn)
Scrolls
 d - 3 scrolls of identify {unknown}
 i - a scroll of noise {unknown}
 j - a scroll of random uselessness {unknown}
 k - a scroll of teleportation {unknown}
 m - 3 scrolls of remove curse {unknown}
 p - 2 scrolls of amnesia {unknown}
 q - a scroll of magic mapping {unknown}
Potions
 g - a potion of mutation {unknown}


   Skills:
 + Level 0.1 Fighting
 + Level 1.0 Short Blades
 + Level 0.4 Armour
 + Level 2.0 Dodging
 + Level 2.3 Stealth
 + Level 2.0 Spellcasting
   Level 0.7 Transmutations
 + Level 4.0 Earth Magic


You had 5 spell levels left.
You knew the following spells:

 Your Spells              Type           Power        Failure   Level
a - Sandblast             Erth           ##....       10%         1

Your spell library contained the following spells:

 Spells                   Type           Power        Failure   Level
 Passwall                 Tmut/Erth      #.......     28%         2
 Stone Arrow              Conj/Erth      #.....       54%         3
 Petrify                  Tmut/Erth      #.......     88%         4
 Lee's Rapid Deconstruct  Erth           ##........   95%         5


Dungeon Overview and Level Annotations

Branches:
Dungeon (2/15)

Altars:
Sif Muna


Innate Abilities, Weirdness & Mutations

You are resistant to torment.
Your stone body is resilient. (AC +3)
You are immune to poison.
You resist negative energy. (rN+)
You are resistant to electric shocks. (rElec)
You can survive without breathing.
You are immune to petrification.
You are immune to rotting.


Message History

The worm is heavily wounded.
The worm barely misses you.
You hit the worm.
The worm is heavily wounded.
The worm bites you.
You hit the worm.
The worm is heavily wounded.
You hit the worm but do no damage.
The worm is heavily wounded.
The worm barely misses you.
You hit the worm.
The worm is severely wounded.
You hit the worm.
The worm is severely wounded.
The worm bites you!
* * * LOW HITPOINT WARNING * * *
You hit the worm.
The worm is severely wounded.
The worm bites you.
You die...

.................. ..
.#..#####..###.#.# #.
.#..#..........#.# #. ..
<#..#.####...#.#.# #.######..##
........###..#.#.# #.........).
....#.#.###..#.#.########.###.#.#
#####.#.##........#..............
..# #.#.##...#.#.##.#####.###.#.<
#.# #.#.##...#.#@................
#'###.#.##...#.#w##.#.........#..
...##.########.#.##.#.###........
.).'.###≈≈≈≈≈###)##.#.# #.####...
)..####≈≈≈≈≈≈≈##.##.#.# #.# ..
.....##≈≈...≈≈##.##.#.# #.# .
####..'..._.≈≈##.##.#.# #.#
.....##≈≈...≈≈##.##.#.# #.#
#######≈≈≈≈≈≈≈##.#


You could see a worm.

Vanquished Creatures
  A dart slug (D:1)
  An orc (D:2)
  A ball python (D:2)
  A giant cockroach (D:1)
  2 goblins
  5 hobgoblins
  3 kobolds (D:1)
  3 bats (D:1)
  A frilled lizard (D:1)
  2 rats (D:1)
20 creatures vanquished.

Notes
Turn   | Place    | Note
-------+----------+-------------------------------------------
     0 | D:1      | jiml777 the Gargoyle Earth Elementalist began the quest for
                  | the Orb.
     0 | D:1      | Reached XP level 1. HP: 10/10 MP: 3/3
   707 | D:1      | Reached XP level 2. HP: 15/15 MP: 5/5
   713 | D:1      | Reached skill level 4 in Earth Magic
  1229 | D:2      | Found a shimmering blue altar of Sif Muna.
  1279 | D:2      | Reached XP level 3. HP: 13/19 MP: 6/6
  1285 | D:2      | Reached skill level 1 in Short Blades
  1485 | D:2      | Slain by a worm

Illustrated notes

Levels and vault maps discovered:
D:1:      kennysheep_arrival_forest, layout_rooms, minmay_octomino_j4
D:2:      layout_basic, nicolae_overflow_hidden_temple, led_sif_pool,
          small_statue_intersection, uniq_robin

Skill      XL: |  1  2  3 |
---------------+----------+-----
Earth Magic    | 4 |  4.0
Dodging        | 2 |  2.0
Short Blades   | 1 |  1.0
Fighting       | |  0.1
Armour         | |  0.4
Stealth        | |  2.3
Spellcasting   | |  2.0
Transmutations | |  0.7

Action                   || total
-------------------------++-------
Melee: Dagger            ||   122
 Stab: Sleeping          ||     4
Armor: Robe              ||     6
       Leather armour    ||    13
       Ring mail         ||     5
       Scale mail        ||     2
Dodge: Dodged            ||    62

Table legend: (Time is in decaauts)
 A = Elapsed time spent in this place.
 B = Non-inter-level travel time spent in this place.
 C = Inter-level travel time spent in this place.
 D = Time resting spent in this place.
 E = Time spent auto-exploring this place.
 F = Levels seen in this place.
 G = Mean time per level.
                   A        B        C        D        E       F      G
               +--------+--------+--------+--------+--------+-----+--------+
         Total |   1483 |   1452 |     31 |    706 |    339 |   2 |  741.5 |
       Dungeon |   1483 |   1452 |     31 |    706 |    339 |   2 |  741.5 |
               +--------+--------+--------+--------+--------+-----+--------+

Top non-repeatable levels by time:
     D:1: 1111 daAuts
     D:2: 371 daAuts
